Map: Terraform LE (Void)

Players

Casie - Winner!

  • Race: Protoss Protoss
  • League: Platinum

저글러

  • Race: Zerg Zerg
  • League: Platinum

VOD

Have the link to the VOD?

Description

Time

  • Played on: Sept. 17, 2015, 6:41 a.m.
  • Length: 5:38
Show
View Real Time Build Order
Export as new Build Order

Casie Protoss - Winner!

Build Orders: 1 Gate Expand 

Get SALT Encoding   

  12  0:02  Probe (Chrono Boost)  
  13  0:12  Probe (Chrono Boost)  
  14  0:21  Pylon  
  14  0:24  Probe (Chrono Boost)  
  15  0:39  Probe (Chrono Boost)  
  16  0:48  Gateway  
  16  0:50  Probe (Chrono Boost)  
  17  1:00  Probe (Chrono Boost)  
  18  1:10  Probe (Chrono Boost)  
  19  1:16  Nexus  
  19  1:21  Assimilator  
  19  1:26  Assimilator  
  19  1:29  Probe (Chrono Boost)  
  20  1:38  Cybernetics Core  
  20  1:44  Probe (Chrono Boost)  
  21  1:52  Pylon  
  21  1:55  Probe (Chrono Boost)  
  22  2:05  Probe (Chrono Boost)  
  23  2:14  Warp Gate (Chrono Boost)  
  23  2:16  Adept  
  23  2:18  Probe (Chrono Boost)  
  26  2:28  Probe (Chrono Boost)  
  27  2:33  Robotics Facility  
  27  2:36  Gateway  
  27  2:38  Probe (Chrono Boost)  
  28  2:45  Gateway  
  28  2:50  Adept  
  30  2:53  Probe (Chrono Boost)  
  30  2:55  Probe (Chrono Boost)  
  32  3:05  Probe (Chrono Boost)  
  33  3:06  Probe (Chrono Boost)  
  33  3:09  Pylon  
  34  3:15  Probe (Chrono Boost)  
  34  3:16  Probe  
  36  3:21  Warp Prism  
  38  3:28  Probe  
  38  3:29  Mothership Core  
  41  3:38  Probe  
  41  3:41  Gateway  
  42  3:42  Gateway  
  42  3:45  Gateway  
  42  3:50  Probe  
  42  3:54  Gateway  
  43  3:57  Pylon  
  44  4:02  Probe  
  44  4:05  Pylon  
  44  4:20  Adept  
  44  4:21  Adept x2  
  50  4:42  Zealot x5  
  50  4:43  Zealot  
  56  4:54  Adept  
  56  4:57  Pylon  
  56  4:58  Pylon  
  56  5:03  Adept x4  
  56  5:04  Adept x2  
  60  5:24  Adept x3  
  60  5:25  Adept x3  
  60  5:26  Adept  
  74  5:33  Pylon  
Show
View Real Time Build Order
Export as new Build Order

저글러 Zerg 

Build Orders: Hatch First 

Get SALT Encoding   

  12  0:01  Drone  
  13  0:13  Overlord  
  13  0:19  Drone  
  14  0:32  Drone x2  
  16  0:40  Drone  
  17  0:53  Drone  
  18  1:01  Hatchery  
  17  1:12  Spawning Pool  
  17  1:13  Drone  
  17  1:16  Extractor  
  16  1:18  Drone  
  16  1:22  Drone  
  18  1:30  Drone  
  19  1:49  Drone  
  19  1:50  Extractor  
  19  1:53  Drone  
  20  2:01  Queen  
  22  2:13  Overlord  
  22  2:15  Queen  
  24  2:16  Metabolic Boost  
  24  2:25  Evolution Chamber  
  24  2:28  Evolution Chamber  
  22  2:30  Drone x2  
  24  2:37  Drone x2  
  26  2:53  Zerg Melee Weapons Level 1  
  26  2:58  Zergling x6  
  29  3:05  Zerg Ground Armor Level 1  
  29  3:11  Zergling x2  
  29  3:12  Zergling x2  
  31  3:23  Roach Warren  
  30  3:31  Zergling x4  
  32  3:39  Zergling x6  
  35  3:44  Drone  
  36  3:50  Overlord  
  36  4:12  Spore Crawler  
  36  4:16  Spore Crawler  
  34  4:18  Queen  
  34  4:20  Queen  
  38  4:28  Drone x3  
  39  4:42  Zergling x4  
  39  4:43  Zergling x6  
  41  4:46  Zergling x2  
  41  4:52  Zergling x2  
  40  4:58  Roach x2  
  38  5:07  Roach x2  
  38  5:13  Zergling x2  
Tags
 
Add a new tag
Caveats
  • Supply blocks, unpowered buildings, or Contaminate may cause inaccurate times.
  • Supply counts are checked every 10 seconds.